AoeStats
← g909

Arabia

508113383Analyzed
1v1 RM · 12d ago on Sep 20, 2026· 41m 58s· 2 players
Game mode
Random Map
Map size
Tiny (2 player)
Population
200
Speed
Normal
Resources
Standard
Victory
Conquest
Starting age
Dark Age
Ending age
Imperial Age
RankedLock teamsTeams togetherTeam positionsShared explorationLock speedFull tech treeHidden civsTurbo modeCheats
Victory
Defeat
🇷🇺 Slavs · Russia
707
+38
🇦🇷 Burgundians · Argentina
757
-18
g909
9:50 Loom
13:18 Feudal Age
14:25 Horse Collar
14:38 Double-Bit Axe
20:23 Castle Age
20:43 Pikeman
21:24 Squires
22:15 Heavy Plow
22:27 Bow Saw
22:56 Stone Mining
27:30 Detinets
32:23 Fletching
32:45 Forging
32:36 Scale Mail Armor
33:40 Gold Mining
34:38 Wheelbarrow
33:49 Town Watch
39:05 Imperial Age
39:01 Murder Holes
39:26 Ballistics
40:20 Gold Shaft Mining
42:25 Two-Man Saw
Lord_Engineer
8:23 Loom
10:42 Feudal Age
11:14 Double-Bit Axe
16:29 Castle Age
19:28 Scale Barding Armor
21:39 Forging
24:21 Town Watch
30:33 Iron Casting
30:32 Fletching
Connection lost

Rejoining the realm…

Still unreachable

The connection could not be restored.

Session expired

The server has moved on; the page needs a fresh start.